Map: Mech-Depot LE

Players

naapplaya

  • Race: Terran Terran
  • League: Diamond
  • Spawn Location: 7:00

Panda - Winner!

  • Race: Zerg Zerg
  • League: Platinum
  • Spawn Location: 1:00

VOD

Have the link to the VOD?

Description

Time

  • Played on: Sept. 5, 2017, 2:12 p.m.
  • Length: 3:28
Show
View Real Time Build Order
Export as new Build Order

naapplaya Terran 

Build Orders: 1/1/1 

Get SALT Encoding   

  12  0:01  SCV  
  13  0:13  SCV  
  14  0:23  Supply Depot  
  14  0:25  SCV  
  15  0:29  Refinery  
  15  0:44  SCV  
  15  0:46  Barracks  
  16  0:57  SCV  
  16  1:00  Refinery  
  17  1:10  Supply Depot  
  17  1:11  SCV  
  18  1:23  SCV  
  19  1:36  Factory  
  19  1:42  Marine  
  20  1:49  Orbital Command  
  20  2:15  SCV  
  21  2:18  Marine  
  21  2:22  Factory Tech Lab  
  22  2:26  Starport  
  22  2:27  SCV  
  23  2:36  Marine  
  24  2:39  SCV  
  25  2:47  Siege Tank  
  28  2:54  Marine  
Show
View Real Time Build Order
Export as new Build Order

Panda Zerg - Winner!

Build Orders: Pool Only 

Get SALT Encoding   

  12  0:18  Spawning Pool  
  11  0:21  Drone  
  11  0:28  Drone  
  13  0:32  Drone  
  14  0:36  Extractor  
  14  0:38  Drone  
  14  0:49  Overlord  
  14  1:01  Extractor  
  13  1:09  Roach Warren  
  12  1:15  Drone  
  13  1:26  Zergling x2  
  13  1:28  Zergling x2  
  15  1:49  Roach x2  
  15  1:50  Roach  
  21  2:03  Overlord  
  21  2:27  Ravager  
  21  2:28  Ravager  
  21  2:29  Ravager  
  24  2:44  Roach x2  
  28  2:47  Roach  
Tags
 
Matchup
TvZ
Replay Pack
replays1
Spawn Locations
Cross Positions
Add a new tag
Caveats
  • Supply blocks, unpowered buildings, or Contaminate may cause inaccurate times.
  • Supply counts are checked every 10 seconds.